 Dungeon Crawl Stone Soup version 0.18.1-50-g88ac8fd (webtiles) character file.

45 Gianozzolo the Changer (level 3, -3/31 HPs)
             Began as a Naga Transmuter on Nov 13, 2017.
             Slain by a goblin
             ... wielding a +0 club
             ... led by Robin
              (5 damage)
             ... on level 2 of the Dungeon.
             The game lasted 00:04:38 (1544 turns).

Gianozzolo the Changer (Naga Transmuter)            Turns: 1544, Time: 00:04:39

Health: -3/31      AC:  2    Str: 12    XL:     3   Next: 64%
Magic:  17/24      EV: 10    Int: 14    God:
Gold:   102        SH:  0    Dex: 11    Spells: 2 memorised, 2 levels left

rFire  . . .     SeeInvis +       - Unarmed
rCold  . . .     Gourm    .     b - +0 robe
rNeg   . . .     Faith    .     (no shield)
rPois  +         Spirit   .     (no helmet)
rElec  .         Dismiss  .     (no cloak)
rCorr  .         Reflect  .     (no gloves)
SustAt .         Harm     .     (no barding)
MR     .....                    (no amulet)
Stlth  +.........               m - ring of magical power
                                l - ring of magical power

@: appendage, very slow, not resistant to hostile enchantments, very unstealthy
A: horns 2, see invisible, deformed body, poison resistance, slowness 2, slow
metabolism 1, spit poison 2, AC +1
a: Spit Poison, End Transformation


You were on level 2 of the Dungeon.
You were not hungry.
You had grown temporary horns.
You visited 1 branch of the dungeon, and saw 2 of its levels.

You collected 102 gold pieces.

Inventory:

Armour
 b - a +0 robe (worn)
Jewellery
 l - a ring of magical power (left hand)
 m - a ring of magical power (right hand)
Scrolls
 e - a scroll of enchant armour {unknown}
 f - a scroll of identify {unknown}
 g - a scroll of remove curse
 i - 9 scrolls of amnesia {unknown}
 k - a scroll of noise {unknown}
Potions
 h - a potion of degeneration {unknown}
Books
 c - a book of Changes

   Spells                             Type                      Level
   a - Beastly Appendage              Transmutation                1
   b - Sticks to Snakes               Transmutation                2
   c - Spider Form                    Transmutation/Poison         3
   d - Ice Form                       Ice/Transmutation            4
   e - Blade Hands                    Transmutation                5
Comestibles
 a - 3 chunks of flesh
 d - 4 bread rations
 j - a meat ration


   Skills:
 - Level 1.0 Fighting
 - Level 1.5 Dodging
 + Level 3.2 Unarmed Combat
 - Level 2.0 Spellcasting
 * Level 3.5 Transmutations
 + Level 1.0 Poison Magic


You had 2 spell levels left.
You knew the following spells:

 Your Spells              Type           Power        Failure   Level  Hunger
a - Beastly Appendage     Trmt           ##....       6%          1    ##.....
b - Spider Form           Trmt/Pois      #.........   30%         3    ####...


Dungeon Overview and Level Annotations

Branches:
Dungeon (2/15)

Altars:

Annotations:
D:2 Robin


Innate Abilities, Weirdness & Mutations

You cannot wear boots.
Your serpentine skin is tough (AC +1).
You have supernaturally acute eyesight.
Armour fits poorly on your strangely shaped body.
Your system is resistant to poisons.
You cover ground very slowly.
You have a slow metabolism.
You can spit poison.
You have a pair of horns on your head.


Message History

You kill the goblin!
The goblin hits you with a club. Robin throws the goblin at you!
The goblin shouts!
Robin throws the goblin at you! The goblin closely misses you.
You hit the goblin. Your headbutt misses the goblin.
The goblin is heavily wounded.
The goblin closely misses you. Robin throws the goblin at you!
The goblin hits you. The goblin hits you with a club.
* * * LOW HITPOINT WARNING * * *
Unknown command.
Read which item? (? for menu, Esc to quit)
As you read the scroll labeled VINNANK PEOP, it crumbles to dust.
You feel blessed for a moment.
It was a scroll of remove curse.
The goblin barely misses you. The goblin hits you.
* * * LOW HITPOINT WARNING * * *
The goblin closely misses you.
You barely miss the goblin. You headbutt the goblin.
You kill the goblin!
The goblin hits you with a club.
You die...

#...###.#...)<..## ...
##.## #.###.....# ..
#.# #.# #......... .g
#.# #.# #.##..#### .
#.# #.# #.##.g# .# #.#
#.# #.##..######.###.#
#.# #.#
#.##.>#..........#
###.# #.#
#.##gg#......###. #...#
#.# #.##g@†..........#
#.###
##.###.##g##.########.#
#.# #...##...g##.#
#.#####............#
#......)..##..####.#
######.#####..# ....
#.# #..# #..### #.#
#..# #<.# #.# #..# #..#


You could see Robin, a hobgoblin and 4 goblins.

Vanquished Creatures
  An adder (D:2)
  2 worms
  A giant gecko (D:1)
  9 goblins
  4 hobgoblins
  3 kobolds
  4 bats
  A giant newt (D:2)
  2 rats
27 creatures vanquished.

Notes
Turn   | Place    | Note
--------------------------------------------------------------
     0 | D:1      | Gianozzolo the Naga Transmuter began the quest for the Orb.
     0 | D:1      | Reached XP level 1. HP: 18/18 MP: 3/3
   213 | D:1      | Reached XP level 2. HP: 14/25 MP: 3/5
   849 | D:2      | Reached XP level 3. HP: 19/31 MP: 4/6
   854 | D:2      | Learned a level 3 spell: Spider Form
  1174 | D:2      | Noticed Robin
  1491 | D:2      | Reached skill level 1 in Poison Magic
  1544 | D:2      | Slain by a goblin

Skill      XL: |  1  2  3 |
---------------+----------+-----
Transmutations | 3 |  3.5
Poison Magic   | 1 |  1.0
Fighting       | |  1.0
Dodging        | |  1.5
Unarmed Combat | |  3.2
Spellcasting   | |  2.0

Action                   || total
-------------------------++-------
Melee: Unarmed           ||    85
       Punch             ||     2
       Headbutt          ||     7
 Cast: Beastly Appendage ||    18
 Abil: Spit Poison       ||    16
  Use: Scroll            ||     1
 Stab: Sleeping          ||     1
  Eat: Chunk             ||     2
Armor: Robe              ||    16
Dodge: Dodged            ||    63
